AoeStats
← nonoleboss

Black Forest

507309512Analyzed
4v4 RM · 15d ago on Sep 17, 2026· 59m 58s· 8 players
Game mode
Random Map
Map size
Large (8 player)
Population
200
Speed
Normal
Resources
Standard
Victory
Conquest
Starting age
Dark Age
Ending age
Imperial Age
RankedLock teamsTeams togetherTeam positionsShared explorationLock speedFull tech treeHidden civsTurbo modeCheats
Victory
Defeat
🇹🇷 Georgians · Türkiye
1386
+13
🇹🇷 Mongols · Türkiye
1384
+13
1327
+16
🇹🇷 Bohemians · Türkiye
1229
+20
🇨🇴 Khmer · Colombia
1351
-17
🇫🇷 Britons · France
1324
-16
🇦🇷 Sicilians · Argentina
1319
-15
🇨🇴 Burmese · Colombia
1291
-14
SATOLEP
4:33 Loom
9:47 Feudal Age
16:05 Castle Age
15:13 Double-Bit Axe
15:57 Horse Collar
21:54 Town Watch
22:44 Wheelbarrow
21:59 Town Watch
23:05 Heavy Plow
25:46 Bow Saw
26:16 Hand Cart
27:20 Gold Mining
27:21 Stone Mining
28:12 Bloodlines
32:20 Imperial Age
30:19 Husbandry
30:44 Forging
30:40 Scale Barding Armor
30:25 Fletching
30:36 Padded Archer Armor
31:01 Fortified Wall
31:12 Ballistics
32:14 Gold Shaft Mining
32:15 Tusk Swords
34:04 Chemistry
34:12 Conscription
34:16 Town Patrol
35:06 Iron Casting
36:00 Heavy Scorpion
36:43 Double Crossbow
37:39 Elite Battle Elephant
38:32 Caravan
41:12 Blast Furnace
40:32 Chain Barding Armor
40:08 Bodkin Arrow
40:28 Leather Archer Armor
40:09 Light Cavalry
42:38 Hoardings
43:17 Hussar
44:39 Onager
46:54 Siege Engineers
46:45 Murder Holes
[LGP] Shiroo
6:07 Loom
9:31 Feudal Age
9:55 Horse Collar
16:31 Town Watch
17:25 Wheelbarrow
19:42 Castle Age
21:16 Heavy Plow
26:07 Town Watch
26:44 Hand Cart
30:40 Imperial Age
30:46 Imperial Age
28:02 Town Watch
31:35 Scale Barding Armor
30:53 Elite Battle Elephant
31:44 Bloodlines
31:34 Husbandry
32:40 Chain Barding Armor
32:22 Howdah
32:42 Conscription
34:13 Plate Barding Armor
33:49 Forging
33:40 Howdah
33:48 Howdah
33:57 Light Cavalry
34:28 Fishing Lines
36:37 Iron Casting
37:26 Caravan
41:25 Blast Furnace
42:45 Conscription
43:10 Coinage
42:55 Guilds
45:43 Chemistry
45:31 Gold Mining
45:32 Stone Mining
46:14 Crop Rotation
47:29 Hussar
48:57 Siege Engineers
48:36 Treadmill Crane
53:54 Town Patrol
Juanki
4:03 Loom
11:58 Feudal Age
16:04 Castle Age
15:07 Double-Bit Axe
15:07 Fishing Lines
16:44 Wheelbarrow
23:32 Hand Cart
23:21 Horse Collar
24:17 Town Watch
25:49 Bow Saw
25:46 Gold Mining
25:46 Stone Mining
26:05 Gillnets
27:57 Town Patrol
32:04 Imperial Age
30:53 Stone Shaft Mining
30:53 Gold Shaft Mining
31:11 First Crusade
30:54 Squires
30:39 Gambesons
30:40 Arson
31:00 Scale Mail Armor
31:10 Forging
30:50 Fletching
31:45 Forging
31:31 Bodkin Arrow
31:55 Masonry
33:04 Chain Mail Armor
33:24 Iron Casting
33:12 Conscription
32:14 Capped Ram
34:31 Chemistry
33:51 Ballistics
33:33 Siege Ram
34:15 Elite Serjeant
35:04 Heavy Scorpion
37:04 Blast Furnace
36:34 Plate Mail Armor
36:12 Bracer
36:42 Plate Mail Armor
37:19 Plate Mail Armor
36:56 Siege Engineers
39:25 Pikeman
42:38 Light Cavalry
43:28 Bloodlines
43:19 Husbandry
43:26 Scale Barding Armor
45:20 Chain Barding Armor
45:52 Caravan
46:23 Coinage
47:29 Halberdier
57:48 Cavalier
59:53 Plate Barding Armor
nonoleboss
0:42 Loom
11:19 Feudal Age
21:47 Castle Age
19:58 Double-Bit Axe
20:13 Horse Collar
21:19 Stone Mining
29:31 Imperial Age
27:45 Fletching
28:52 Bodkin Arrow
31:51 Bracer
35:50 Ballistics
36:32 Chemistry
39:04 Elite Longbowman
40:49 Padded Archer Armor
43:24 Conscription
45:52 Yeomen
47:30 Masonry
47:40 Bow Saw
48:34 Siege Engineers
49:47 Wheelbarrow
48:57 Town Watch
50:19 Two-Man Saw
51:48 Warwolf
52:24 Hoardings
55:49 Caravan
MrBanana
0:57 Loom
11:27 Feudal Age
15:01 Castle Age
13:37 Double-Bit Axe
13:33 Horse Collar
16:45 Fervor
16:52 Bow Saw
16:45 Heavy Plow
20:56 Wheelbarrow
22:54 Hand Cart
23:09 Town Watch
24:34 Town Patrol
28:19 Imperial Age
27:46 Chemistry
26:28 Treadmill Crane
28:01 Scale Mail Armor
28:11 Forging
28:04 Pikeman
28:44 Squires
28:30 Arson
29:03 Chain Mail Armor
29:24 Coinage
28:56 Caravan
29:53 Ballistics
30:36 Two-Man Saw
29:10 Halberdier
30:46 Iron Casting
31:25 Plate Mail Armor
32:25 Conscription
31:26 Elite Hussite Wagon
32:31 Fletching
33:08 Wagenburg Tactics
33:22 Bodkin Arrow
33:38 Murder Holes
33:58 Siege Engineers
34:36 Houfnice
36:27 Blast Furnace
36:06 Bracer
36:07 Padded Archer Armor
38:39 Banking
40:03 Leather Archer Armor
41:47 Ring Archer Armor
Çiftetelli oynayan duş başlığı
0:38 Loom
12:16 Feudal Age
14:44 Double-Bit Axe
17:00 Castle Age
15:47 Horse Collar
28:50 Forging
28:32 Fletching
28:42 Padded Archer Armor
29:26 Wheelbarrow
28:38 Town Watch
30:04 Bow Saw
30:11 Bow Saw
30:03 Heavy Plow
29:57 Gold Mining
29:58 Stone Mining
31:16 Hand Cart
31:02 Town Patrol
33:01 Caravan
35:40 Imperial Age
33:51 Masonry
33:37 Murder Holes
33:56 Forging
33:47 Scale Mail Armor
35:37 Stone Shaft Mining
35:06 Squires
34:26 Pikeman
35:10 Anarchy
36:28 Iron Casting
36:08 Chain Mail Armor
36:50 Heavy Scorpion
37:26 Halberdier
39:10 Blast Furnace
38:08 Bodkin Arrow
38:29 Leather Archer Armor
39:19 Chemistry
38:40 Ballistics
38:51 Architecture
39:31 Conscription
43:52 Two-Man Saw
44:03 Perfusion
44:47 Bracer
45:18 Ring Archer Armor
54:41 Coinage
BlueSh
0:29 Loom
11:52 Feudal Age
16:41 Castle Age
16:06 Fishing Lines
16:41 Double-Bit Axe
16:39 Horse Collar
19:19 Gillnets
20:34 Wheelbarrow
24:37 Gillnets
27:16 Masonry
28:49 Fletching
29:19 Bow Saw
29:14 Heavy Plow
29:39 Bodkin Arrow
33:10 Imperial Age
31:01 Gold Mining
32:26 Fortified Wall
32:49 Hand Cart
33:36 Forging
33:32 Scale Barding Armor
35:05 Iron Casting
34:37 Scale Barding Armor
33:57 Capped Ram
35:05 Siege Ram
36:14 Chain Barding Armor
36:02 Husbandry
35:54 Light Cavalry
38:07 Blast Furnace
36:54 Heavy Scorpion
38:02 Bloodlines
39:46 Gold Shaft Mining
41:44 Ballistics
42:11 Scale Mail Armor
42:43 Town Watch
44:16 Chemistry
43:52 Siege Engineers
43:41 Hussar
45:19 Conscription
45:10 Nomads
45:37 Stone Mining
46:25 Hoardings
48:12 Stone Shaft Mining
46:59 Pikeman
47:40 Squires
48:00 Chain Mail Armor
47:48 Bracer
48:42 Drill
48:29 Murder Holes
48:59 Caravan
51:24 Onager
53:44 Siege Onager
Kırmızı Balık
1:15 Loom
12:50 Feudal Age
16:30 Castle Age
15:57 Double-Bit Axe
18:51 Bow Saw
23:38 Horse Collar
25:02 Stone Mining
28:42 Wheelbarrow
27:53 Town Watch
28:22 Caravan
30:02 Fishing Lines
30:46 Hand Cart
33:02 Imperial Age
31:25 Heavy Plow
31:17 Gold Mining
32:03 Stone Shaft Mining
32:05 Scale Barding Armor
32:29 Forging
32:33 Fletching
33:15 Chain Barding Armor
33:11 Town Patrol
33:12 Husbandry
33:23 Bloodlines
33:18 Elite Monaspa
34:43 Crop Rotation
35:41 Conscription
36:44 Plate Barding Armor
36:45 Iron Casting
37:10 Aznauri Cavalry
36:51 Treadmill Crane
37:22 Masonry
37:32 Ballistics
37:17 Bodkin Arrow
37:54 Coinage
37:58 Svan Towers
38:56 Blast Furnace
39:00 Chemistry
38:06 Bracer
39:29 Arrowslits
39:35 Guard Tower
40:33 Padded Archer Armor
41:05 Architecture
44:30 Guilds
46:02 Onager
47:31 Keep
49:20 Leather Archer Armor
49:07 Scale Mail Armor
51:23 Hoardings
50:56 Siege Engineers
52:23 Chain Mail Armor
52:32 Fortified Wall
52:11 Sappers
53:16 Banking
Connection lost

Rejoining the realm…

Still unreachable

The connection could not be restored.

Session expired

The server has moved on; the page needs a fresh start.